 Dungeon Crawl Stone Soup version 0.32-a0-520-g344ed53f66 (webtiles) character file.

Game seed: 17509428268529469148

48785 Khashishi the Fallen Mummy (level 13, -6/106 HPs)
             Began as a Mummy Monk on Feb 28, 2024.
             Was a Priest of Yredelemnul.
             Killed from afar by a hell hound (19 damage)
             ... with a blast of flame
             ... on level 5 of the Lair of Beasts.
             The game lasted 01:24:53 (8270 turns).

Khashishi the Fallen Mummy (Mummy Monk)             Turns: 8270, Time: 01:24:53

Health: -6/106     AC: 19    Str: 16    XL:     13   Next: 65%
Magic:  24/31      EV: 11    Int: 13    God:    Yredelemnul [***...]
Gold:   796        SH:  0    Dex: 17    Spells: 12/12 levels left

rFire   . . .        e - +2 mace (protect)
rCold   . . .        (no shield)
rNeg    + + +        x - +2 scale mail of the Good {Rampage *Slow +Inv Int+3}
rPois   ∞            d - +1 helmet
rElec   .            h - +1 cloak
rCorr   .            s - +1 pair of gloves
SInv    .            j - +1 pair of boots
Will    +....        p - amulet of regeneration Stlth
                     n - ring of fire
HPRegen 1.17/turn    v - ring of magical power
MPRegen 0.22/turn

%: slow self (1%), rampage, faith
@: enshackling, wreathed by umbra
A: cold resistance 1, negative energy resistance 3, torment resistance 2, heat
vulnerability 1, in touch with death 2, no potions, faith
a: Renounce Religion, Evoke Invisibility, Light the Black Torch, Recall Undead
Harvest, Hurl Torchlight


You were on level 5 of the Lair of Beasts.
You worshipped Yredelemnul.
Yredelemnul was pleased with you.
You visited 3 branches of the dungeon, and saw 15 of its levels.

You collected 796 gold pieces.

Inventory:

Hand Weapons
 e - a +2 mace of protection (weapon)
 m - the +7 dagger of the Hills {flame, rElec rC++}
   (You found it on level 5 of the Dungeon)

   rC++:      It greatly protects you from cold.
   rElec:     It insulates you from electricity.
Armour
 d - a +1 helmet (worn)
 h - a +1 cloak (worn)
 j - a +1 pair of boots (worn)
 s - a +1 pair of gloves (worn)
 x - the +2 scale mail of the Good (worn) {Rampage *Slow +Inv Int+3}
   (You found it on level 7 of the Dungeon)

   Int+3:     It affects your intelligence (+3).
   +Inv:      It lets you turn invisible.
   *Slow:     It may slow you when you take damage.
   Rampage:   It bestows one free step when moving towards enemies.
Jewellery
 n - a ring of fire (left hand)
 o - an amulet of the acrobat
 p - an amulet of regeneration (around neck)
 v - a ring of magical power (right hand)
Wands
 g - a wand of charming (2)
 l - a wand of polymorph (3)
 q - a wand of digging (4)
 r - a wand of flame (4)
 A - a wand of quicksilver (3)
Scrolls
 a - 3 scrolls of fog
 b - 6 scrolls of immolation
 c - 2 scrolls of summoning
 f - 6 scrolls of teleportation
 i - 2 scrolls of blinking
 k - 2 scrolls of revelation
 t - a scroll of silence
 u - 2 scrolls of torment
 w - a scroll of noise {unknown}
 y - a scroll of enchant armour
 B - 2 scrolls of fear


   Skills:
 - Level 11.5 Fighting
 + Level 11.3 Maces & Flails
 - Level 2.4 Polearms
 - Level 7.5 Armour
 - Level 4.0 Dodging
 + Level 12.4 Invocations


You had 12 spell levels left.
You didn't know any spells.
Your spell library contained the following spells:

 Spells                   Type           Power      Damage    Failure   Level
 Apportation              Tloc           0%         N/A       67%         1
 Kiss of Death            Conj/Necr      0%         2d5       67%         1
 Ensorcelled Hibernation  Hex/Ice        0%         N/A       82%         2
 Jinxbite                 Hex            0%         N/A       82%         2
 Momentum Strike          Conj/Tloc      0%         3d8       82%         2
 Scorch                   Fire           0%         2d5       82%         2
 Confusing Touch          Hex            0%         N/A       96%         3
 Inner Flame              Hex/Fire       0%         N/A       96%         3
 Passwall                 Erth           0%         N/A       96%         3
 Stone Arrow              Conj/Erth      0%         3d7       96%         3
 Swiftness                Air            0%         N/A       96%         3
 Animate Armour           Summ/Erth      0%         N/A       100%        4
 Dispel Undead            Necr           0%         3d6       100%        4
 Flame Wave               Conj/Fire      0%         2d4       100%        4
 Alistair's Intoxication  Alch           0%         N/A       100%        5
 Irradiate                Conj/Alch      0%         3d11      100%        5
 Summon Cactus Giant      Summ           0%         N/A       100%        6
 Orb of Destruction       Conj           0%         9d5       100%        7
 Ignition                 Fire           0%         3d3       100%        8
 Lehudib's Crystal Spear  Conj/Erth      0%         10d2      100%        8
 Chain Lightning          Conj/Air       0%         N/A       100%        9


Dungeon Overview and Level Annotations

Branches:
Dungeon (9/15)             Temple (1/1) D:4            Lair (5/5) D:9
  Swamp (0/4) Lair:2       Spider (0/4) Lair:3        Slime (0/5) Lair:5
    Orc: D:9-12

Altars:
Ashenzari
Cheibriados
Dithmenos
Fedhas
Gozag
Hepliaklqana
Kikubaaqudgha
Makhleb
Nemelex Xobeh
Okawaru
Qazlal
Ru
Sif Muna
Trog
Uskayaw
Vehumet
Wu Jian
Xom
Yredelemnul

Shops:
D:8 (

Annotations:
Temple 2 transporters


Innate Abilities, Weirdness & Mutations

You are immune to poison.
Your flesh is cold resistant. (rC+)
You are immune to negative energy. (rN+++)
You are immune to unholy pain and torment.
You are vulnerable to heat. (rF-)
You are strongly in touch with the powers of death.
You do not drink.
You have a special connection with the divine. (Faith)


Message History

The raiju shocks you. You resist.
* * * LOW HITPOINT WARNING * * *
Your hell hound zombie bites the hell hound but does no damage.
You hit the raiju. You burn the raiju.
The raiju is almost dead.
You kill the raiju!
Their soul becomes fuel for the torch.
The hell hound bites your hell hound zombie!
Your hell hound zombie bites the hell hound.
The hell hound breathes flames at you.
The blast of flame hits your hell hound zombie!
The blast of flame hits you!!
* * * LOW HITPOINT WARNING * * *
Press: ? - help, v - describe, . - travel
Here: a hell hound (lightly wounded, catching its breath, ally target, bound in place, umbra)
The floor.
Unknown command.
The +7 dagger of the Hills {flame, rElec rC++} stops flaming.
Your +2 mace of protection hums with potential!
e - a +2 mace of protection (weapon)
Your hell hound zombie bites the hell hound.
The hell hound bites your hell hound zombie!
Your hell hound zombie bites the hell hound but does no damage.
Your black mamba zombie closely misses the hell hound.
The hell hound bites your hell hound zombie.
Your hell hound zombie bites the hell hound!
Your hell hound zombie bites the hell hound.
Your black mamba zombie bites the hell hound!
The hell hound bites your hell hound zombie!
Your hell hound zombie bites the hell hound.
Your hell hound zombie bites the hell hound but does no damage.
Your black mamba zombie bites the hell hound.
The hell hound closely misses your black mamba zombie.
Your black mamba zombie barely misses the hell hound.
Your hell hound zombie barely misses the hell hound. x2
The hell hound breathes flames at you.
The blast of flame hits your black mamba zombie!
The blast of flame hits you!!
You die...
You join the legions of the undead harvest.

,,,**,,,,*##.#....#.#....# #....
,,,*,,,,,*#.............## ###..
,,,***,,,,#............## ##...
,,,+,+,,,##..#.#...#.### *#....
*,,,*,,,,#..#####.#### #.#.).
,*,,**,,,##.######## ***####.#
,,,**,,,,*#...#.#..##*#**,,* ##.
,,,,,,,,,,#...[.....#.#,*,,**####
***,***,**##....@....#.,,,,,##..Z
*** *** #...ZZ.......,,,,#...Z
###.Zh.##....,*#....##
#.#..#,*...,*##..###
######***,.** #.#* *,** ##* ***


You could see a hell hound (catching breath, ally target, bound), a friendly
black mamba zombie and 2 friendly hell hound zombies.

Vanquished Creatures
  A death yak (Lair:4)
  A hell hog (Lair:5)
  A bog body (Lair:2)
  3 black mambas
  5 elephants
  2 cane toads (Lair:2)
  A rime drake (Lair:4)
  A troll (D:9)
  8 polar bears (Lair:5)
  6 blink frogs
  A dream sheep (Lair:5)
  2 raiju (Lair:5)
  A wraith (D:9)
  14 yaks
  A wyvern (D:9)
  2 wargs (Lair:5)
  Menkaure (D:6)
  5 water moccasins
  5 hell hounds (Lair:5)
  3 orc warriors
  5 black bears (Lair:5)
  An ogre (D:5)
  10 wolves
  4 centaurs
  A phantom (D:6)
  6 bullfrogs
  Blork the orc (D:4)
  4 scorpions
  A killer bee (D:7)
  A howler monkey (D:7)
  6 electric eels (D:9)
  3 hounds
  A jelly (D:6)
  6 orc priests
  2 iguanas
  11 orc wizards
  5 hell rats
  4 gnolls
  2 adders
  A hound simulacrum (D:4)
  2 dart slugs
  An adder simulacrum (D:4)
  17 orcs
  4 bats
  6 endoplasms
  3 giant cockroaches
  7 hobgoblins
  2 quokkas
  5 ball pythons
  4 frilled lizards
  8 goblins
  8 kobolds
  5 rats
211 creatures vanquished.

Vanquished Creatures (collateral kills)
  3 hydras
  Erica (Lair:1)
  3 death yaks (Lair:4)
  A skyshark (Lair:3)
  A bog body (Lair:2)
  Pikel (D:6)
  4 elephants
  4 black mambas
  A rime drake (Lair:4)
  A cane toad (Lair:3)
  6 komodo dragons
  A polar bear (Lair:5)
  A tarantella (Lair:3)
  12 blink frogs
  The ghost of yleetSyT the Gusty, an amateur DrAE (D:4)
  2 raiju (Lair:5)
  A jumping spider (Lair:3)
  A basilisk (Lair:3)
  24 yaks
  2 wargs (Lair:5)
  6 water moccasins
  Duvessa (D:6)
  7 hell hounds (Lair:5)
  An ice beast (D:4)
  7 black bears
  13 wolves
  An ogre (D:6)
  2 centaurs
  A phantom (D:5)
  A kobold brigand (D:5)
  3 bullfrogs
  2 gnoll sergeants
  Dowan (D:6)
  2 killer bees (D:7)
  2 howler monkeys (D:6)
  An electric eel (D:7)
  A gnoll bouda (D:8)
  5 hounds
  2 orc priests
  3 jellies
  2 iguanas (D:5)
  6 orc wizards
  12 hell rats
  2 centaur simulacra (D:4)
  4 gnolls
  2 adders (D:5)
  A ribbon worm (D:5)
  2 adder simulacra (D:4)
  12 orcs
  A kobold (D:6)
177 creatures vanquished.

Vanquished Creatures (others)
  A spectral catoblepas (Lair:3)
  A spectral centaur (Lair:5)
  2 cane toad zombies
  A dream sheep zombie (Lair:5)
  3 blink frog zombies (Lair:3)
  A wolf (Lair:5)
  A rime drake zombie (Lair:4)
  3 warg zombies (Lair:5)
  2 hell hound zombies (Lair:5)
  4 water moccasin zombies
  A raiju zombie (Lair:5)
  9 yak zombies
  4 polar bear zombies (Lair:5)
  8 wolf zombies
  A bullfrog zombie (Lair:2)
  3 black bear zombies (Lair:5)
  A centaur zombie (D:9)
  2 hound zombies (D:9)
  4 hell rat zombies (Lair:5)
  An elf zombie (D:6)
  An iguana zombie (D:5)
  2 gnoll zombies
  5 orc zombies
61 creatures vanquished.

Grand Total: 449 creatures vanquished

Notes
Turn   | Place    | Note
-------+----------+-------------------------------------------
     0 | D:1      | Khashishi the Mummy Monk began the quest for the Orb.
     0 | D:1      | Reached XP level 1. HP: 18/18 MP: 1/1
   109 | D:1      | Reached XP level 2. HP: 13/24 MP: 2/2
   318 | D:1      | Reached skill level 1 in Maces & Flails
   492 | D:2      | Reached XP level 3. HP: 29/29 MP: 3/3
  1192 | D:3      | Reached skill level 1 in Armour
  1192 | D:3      | Reached XP level 4. HP: 33/37 MP: 4/4
  1440 | D:4      | Noticed yleetSyT's ghost (amateur DrAE)
  1440 | D:4      | Noticed an ice beast
  1669 | D:3      | Reached XP level 5. HP: 42/42 MP: 5/5
  1896 | D:4      | Found a staircase to the Ecumenical Temple.
  1896 | D:4      | Noticed Blork the orc
  1906 | D:4      | Killed Blork the orc
  1907 | D:4      | Reached XP level 6. HP: 41/49 MP: 6/6
  1916 | Temple   | Found a transporter.
  1916 | Temple   | Found a transporter.
  1916 | Temple   | Found a transporter.
  1916 | Temple   | Found a transporter.
  1916 | Temple   | Entered the Ecumenical Temple
  1941 | Temple   | Became a worshipper of Yredelemnul the Fallen
  1941 | Temple   | Reached * piety under Yredelemnul
  1941 | Temple   | Reached ** piety under Yredelemnul
  2005 | D:4      | Found a runed translucent gate.
  2006 | D:4      | Found a runed translucent gate.
  2007 | D:4      | Found a runed translucent gate.
  2035 | D:4      | Killed yleetSyT's ghost
  2036 | D:4      | Reached skill level 5 in Fighting
  2036 | D:4      | Reached skill level 2 in Invocations
  2036 | D:4      | Reached XP level 7. HP: 52/56 MP: 2/8
  2243 | D:5      | Entered Level 5 of the Dungeon
  2266 | D:5      | Reached skill level 3 in Invocations
  2425 | D:5      | Reached XP level 8. HP: 48/64 MP: 10/10
  2593 | D:5      | Reached skill level 4 in Invocations
  2663 | D:5      | Identified the +7 dagger of the Hills {flame, rElec rC++}
  2923 | D:6      | Noticed Duvessa
  2924 | D:6      | Noticed Dowan
  2929 | D:6      | Killed Dowan
  2930 | D:6      | Reached skill level 5 in Invocations
  2942 | D:6      | Killed Duvessa
  3035 | D:6      | Noticed Menkaure
  3044 | D:6      | Reached *** piety under Yredelemnul
  3047 | D:6      | Your ally Dowan died
  3049 | D:6      | Killed Menkaure
  3184 | D:6      | Reached XP level 9. HP: 71/71 MP: 13/13
  3417 | D:6      | Noticed Pikel
  3427 | D:6      | Killed Pikel
  3428 | D:6      | Reached skill level 5 in Maces & Flails
  3428 | D:6      | Reached skill level 6 in Invocations
  3626 | D:7      | Got Dispater's Exposition on Bruises
  4026 | D:7      | Identified the +2 scale mail of the Good {Rampage *Slow
                  | +Inv Int+3}
  4198 | D:8      | Reached skill level 7 in Invocations
  4212 | D:8      | Reached XP level 10. HP: 78/81 MP: 13/15
  4306 | D:8      | Found Hiwaqokh's Antique Weapon Boutique.
  4360 | D:8      | Reached **** piety under Yredelemnul
  4842 | D:9      | Found a staircase to the Lair.
  4871 | D:9      | Reached skill level 8 in Invocations
  4896 | D:9      | Reached ***** piety under Yredelemnul
  5330 | Lair:1   | Entered Level 1 of the Lair of Beasts
  5344 | Lair:1   | Reached skill level 10 in Fighting
  5344 | Lair:1   | Reached XP level 11. HP: 56/90 MP: 7/17
  5355 | Lair:1   | Reached skill level 9 in Invocations
  5485 | Lair:1   | Noticed Erica
  5491 | Lair:1   | Killed Erica
  5846 | Lair:2   | Noticed a bog body
  5858 | Lair:2   | Noticed a bog body
  5860 | Lair:2   | Killed a bog body
  5864 | Lair:2   | Killed a bog body
  5866 | Lair:2   | Found a staircase to the Swamp.
  5893 | Lair:2   | Reached skill level 10 in Invocations
  5943 | Lair:2   | Reached XP level 12. HP: 54/100 MP: 19/19
  5999 | Lair:2   | Noticed an eight-headed hydra
  6007 | Lair:2   | Killed an eight-headed hydra
  6489 | Lair:3   | Found a hole to the Spider Nest.
  6543 | Lair:3   | Noticed a five-headed hydra
  6545 | Lair:3   | Killed a five-headed hydra
  6546 | Lair:3   | Reached skill level 5 in Armour
  6882 | Lair:3   | Noticed a catoblepas
  6895 | Lair:3   | Killed a catoblepas
  6895 | Lair:3   | Bound a catoblepas
  6939 | Lair:3   | Noticed Nessos
  6961 | Lair:3   | Killed Nessos
  6961 | Lair:3   | Bound Nessos
  7070 | Lair:3   | Noticed a four-headed hydra
  7072 | Lair:3   | Killed a four-headed hydra
  7073 | Lair:3   | Reached skill level 11 in Invocations
  7277 | Lair:3   | Reached skill level 10 in Maces & Flails
  7561 | Lair:4   | Gained mutation: You are strongly in touch with the powers
                  | of death. [Mummy growth]
  7561 | Lair:4   | Reached XP level 13. HP: 98/106 MP: 21/21
  7926 | Lair:5   | Entered Level 5 of the Lair of Beasts
  7999 | Lair:5   | Your ally Nessos died
  8043 | Lair:5   | Reached skill level 12 in Invocations
  8119 | Lair:5   | Got an earthy gem with 986 turns to spare
  8270 | Lair:5   | Killed from afar by a hell hound

Illustrated notes

Levels and vault maps discovered:
D:1:      tarquinn_simple_flora_water_c, layout_rooms, glass_columns_a
D:2:      layout_basic, minivault_5
D:3:      layout_loops_corners
D:4:      layout_rooms, minmay_temple_entry_trees, gammafunk_ghost_icy,
          uniq_blork_the_orc
D:5:      minmay_thick_lines, layout_cave_pools,
          nicolae_elyvilon_peaceful_grove, mrwooster_statue_mirror,
          minmay_crossroads
D:6:      layout_basic, serial_glass, glass_columns_a, glass_columns_b,
          corexii_shack, hangedman_abyss_or_decor_passed, small_statue_alley_b,
          uniq_duvessa, uniq_menkaure, uniq_pikel
D:7:      layout_basic, mainiacjoe_overflow_catch_the_wave,
          grunt_decor_resistance, kennysheep_cross_bottleneck,
          serial_bayou_crossing
D:8:      layout_loops_cross, serial_shops, shop, chequers_serial_rivers_micro_a
D:9:      layout_roguey, erik_lair_island, minivault_19,
          minmay_misc_feat_pillars
Temple:   hellmonk_temple_divided_pantheon
Lair:1:   layout_chaotic_city, uniq_erica
Lair:2:   layout_loops_ring, skrybe_swamp_entry_bodies
Lair:3:   layout_layer_cave, spider_nest_entry_rubble, uniq_nessos
Lair:4:   layout_cave_pods, serial_bayou_shore_a, lemuel_fruit_tree
Lair:5:   hangedman_lair_caniforms_friends, layout_regular_city, wormcave,
          minmay_slime_entry_pillars, lightli_volcano_entry_magma_tube

Skill      XL: |  1  2  3  4  5  6  7  8  9 10 11 12 13 |
---------------+----------------------------------------+-----
Maces & Flails | 1 2 3 4 6 7 9 10 11 | 11.3
Armour         | 1 2 3 6 7 |  7.5
Fighting       | 4 5 6 8 10 11 | 11.5
Dodging        | 3 4 |  4.0
Invocations    | 2 3 5 7 8 10 11 12 | 12.4
Polearms       | |  2.4

Action                     |  1- 3 |  4- 6 |  7- 9 | 10-12 | 13-15 || total
---------------------------+-------+-------+-------+-------+-------++-------
  Melee: Mace              |    88 |    83 |   192 |   475 |   174 ||  1012
         Spear             |     6 |       |       |       |       ||     6
         Dagger            |       |       |     2 |    16 |    15 ||    33
 Invoke: Light the Black T |       |     1 |     4 |     5 |     1 ||    11
         Hurl Torchlight   |       |     1 |     3 |    13 |     4 ||    21
         Recall Undead Har |       |       |    10 |     6 |     2 ||    18
         Fathomless Shackl |       |       |       |     1 |     2 ||     3
         Bind Soul         |       |       |       |     2 |       ||     2
  Evoke: Wand              |       |       |     1 |     2 |     7 ||    10
    Use: Scroll            |       |     2 |       |    10 |     3 ||    15
   Stab: Distracted        |       |       |     3 |     4 |     5 ||    12
         Sleeping          |       |       |     1 |       |       ||     1
 Armour: Robe              |    43 |     9 |   133 |       |       ||   185
         Chain mail        |    24 |    64 |       |       |       ||    88
         Scale mail        |       |       |     9 |   505 |   202 ||   716
  Dodge: Dodged            |    55 |    47 |   128 |   310 |   134 ||   674
         Repelled          |       |       |     3 |     1 |     2 ||     6

Table legend: (Time is in decaauts)
 A = Elapsed time spent in this place.
 B = Non-inter-level travel time spent in this place.
 C = Inter-level travel time spent in this place.
 D = Time resting spent in this place.
 E = Time spent auto-exploring this place.
 F = Levels seen in this place.
 G = Mean time per level.
                   A        B        C        D        E       F      G
               +--------+--------+--------+--------+--------+-----+--------+
         Total |   8360 |   7948 |    412 |      0 |     95 |  15 |  557.3 |
       Dungeon |   5405 |   5104 |    301 |      0 |     95 |   9 |  600.6 |
        Temple |     40 |     40 |      0 |      0 |      0 |   1 |   40.0 |
          Lair |   2914 |   2803 |    111 |      0 |      0 |   5 |  582.8 |
               +--------+--------+--------+--------+--------+-----+--------+

Top non-repeatable levels by time:
  Lair:3: 975 daAuts
     D:7: 692 daAuts
     D:5: 687 daAuts
  Lair:2: 677 daAuts
     D:3: 637 daAuts
     D:2: 607 daAuts
     D:9: 605 daAuts
     D:8: 582 daAuts
     D:6: 577 daAuts
     D:4: 534 daAuts
  Lair:4: 532 daAuts
     D:1: 480 daAuts
  Lair:1: 401 daAuts
  Lair:5: 328 daAuts
  Temple: 40 daAuts
